 Dungeon Crawl Stone Soup version 0.22-a0-247-gbddf880 (webtiles) character file.

339 Amnesiac the Charlatan (level 6, -1/34 HPs)
             Began as a Deep Elf Artificer on Feb 25, 2018.
             Killed themself with a badly aimed iceblast (22 damage)
             ... on level 5 of the Dungeon.
             The game lasted 00:05:08 (2009 turns).

Amnesiac the Charlatan (Deep Elf Artificer)         Turns: 2009, Time: 00:05:09

Health: -1/34      AC:  4    Str: 11    XL:     6   Next: 29%
Magic:  13/13      EV: 12    Int: 16    God:
Gold:   159        SH:  4    Dex: 15    Spells: 5/5 levels left

rFire    . . .     SeeInvis .   a - +1 short sword (venom)
rCold    . . .     Gourm    .   o - +0 buckler
rNeg     . . .     Faith    .   p - +1 leather armour
rPois    .         Spirit   .   (no helmet)
rElec    .         Reflect  .   (no cloak)
rCorr    +         Harm     .   (no gloves)
MR       .....                  (no boots)
Stlth    ++........             (no amulet)
HPRegen  0.11/turn              j - +3 ring of slaying
MPRegen  0.13/turn              t - ring of resist corrosion

@: no status effects
A: no striking features
a: no special abilities


You were on level 5 of the Dungeon.
You were not hungry.

You visited 1 branch of the dungeon, and saw 5 of its levels.

You collected 159 gold pieces.

Inventory:

Hand Weapons
 a - a +1 short sword of venom (weapon)
 b - a +0 hunting sling
Missiles
 m - 5 curare-tipped needles
Armour
 o - a +0 buckler (worn)
 p - a +1 leather armour (worn)
Jewellery
 j - a +3 ring of slaying (left hand)
 t - a ring of resist corrosion (right hand)
Wands
 c - a wand of flame (15)
 d - a wand of enslavement (15)
 e - a wand of random effects (13)
Scrolls
 k - a scroll of teleportation {!r}
 q - 2 scrolls of remove curse {!r}
 s - a scroll of amnesia {!r}
 v - 3 scrolls of blinking {!r, unknown}
Potions
 g - a potion of brilliance {!q}
 h - a potion of flight {!q, unknown}
 i - a potion of curing {!q}
 n - a potion of haste {!q, unknown}
 r - a potion of heal wounds {!q}
 u - a potion of resistance {!q, unknown}
Comestibles
 f - 6 rations


   Skills:
 - Level 1.0 Fighting
 + Level 1.4 Short Blades
 - Level 1.0 Armour
 - Level 2.4 Dodging
 - Level 2.5 Stealth
 - Level 1.1 Shields
 * Level 6.9 Evocations


You had 5 spell levels left.
You didn't know any spells.

Dungeon Overview and Level Annotations

Branches:
Dungeon (5/15)
 Temple: D:4-7

Altars:
Dithmenos
Hepliaklqana
Nemelex Xobeh


Message History

There are monsters nearby!
You swing at nothing.
You hit the orc priest.
The orc priest is poisoned.
The orc priest is heavily wounded.
The orc priest casts a cantrip, but nothing happens.
You puncture the orc priest!
You kill the orc priest!
You hit the quokka.
The quokka is poisoned.
The quokka is almost dead.
The quokka barely misses you. The quokka closely misses you.
You closely miss the quokka.
The quokka is almost dead.
You kill the quokka!
The rat bites you.
You barely miss the rat. The rat bites you.
* * * LOW HITPOINT WARNING * * *
You hit the rat.
You kill the rat!
You swing at nothing.
You start resting.
A river rat comes into view.
You hit the river rat.
The river rat is heavily wounded.
The river rat bites you.
* * * LOW HITPOINT WARNING * * *
A river rat is nearby!
You barely miss the river rat.
The river rat is heavily wounded.
The river rat barely misses you.
You closely miss the river rat.
The river rat is heavily wounded.
The river rat bites you!
* * * LOW HITPOINT WARNING * * *
You puncture the river rat!
You kill the river rat!
You start resting.
A rat comes into view.
You hit the rat.
You kill the rat!
You see here a river rat corpse.
You start resting.
A rat comes into view.
You hit the rat.
You kill the rat!
You start resting.
A rat comes into view.
You hit the rat.
You kill the rat!
You swing at nothing.
You start resting.
An ogre comes into view. It is wielding a giant club.
The ogre shouts!
You hit the ogre.
The ogre is lightly wounded.
The ogre hits you but does no damage.
Evoke which item? (* to show all) (? for menu, Esc to quit)
Aiming: Random Effects
Press: ? - help, Shift-Dir - straight line, f - ogre
Aim: an ogre, wielding a giant club The mass of ice explodes!
The iceblast engulfs the ogre.
The ogre is moderately wounded.
The iceblast engulfs you!
Ouch! That really hurt!
You die...

#.#..#####.### #.###
##.###.......# #.# #.#
#(###.#.######.# #.#
#)##...........# #
#.###)##()..######## #
#...........# #######
#####.......# #......
#####.### #...... ##@##
####...### #.O.#
#......... #...#
#.#.#..##. #...#
#.#.#..##. #...#
####.#.#..... #...#
#.......#.##.
####...###.##.#.......
...............##.#.##.
...............##.#.##.


You could see an ogre.

Vanquished Creatures
  A centaur (D:5)
  A scorpion (D:4)
  An orc priest (D:5)
  An orc wizard (D:5)
  A centaur skeleton (D:4)
  3 worker ants
  An adder (D:4)
  A river rat (D:5)
  An ooze (D:3)
  6 orcs
  3 bats (D:2)
  2 giant cockroaches
  2 goblins
  A hobgoblin (D:2)
  3 quokkas
  2 frilled lizards
  5 rats
35 creatures vanquished.

Vanquished Creatures (others)
  A rat (D:3)
1 creature vanquished.

Grand Total: 36 creatures vanquished

Notes
Turn   | Place    | Note
-------+----------+-------------------------------------------
     0 | D:1      | Amnesiac the Deep Elf Artificer began the quest for the Orb.
     0 | D:1      | Reached XP level 1. HP: 11/11 MP: 5/5
   303 | D:2      | Found a hazy altar of Hepliaklqana.
   352 | D:2      | Reached skill level 1 in Fighting
   360 | D:2      | Found a sparkling altar of Nemelex Xobeh.
   424 | D:2      | Reached XP level 2. HP: 16/16 MP: 6/6
   622 | D:3      | Found a shadowy altar of Dithmenos.
   775 | D:4      | Reached skill level 1 in Armour
   775 | D:4      | Reached skill level 4 in Evocations
   880 | D:4      | Noticed a scorpion
   917 | D:4      | Killed a scorpion
   917 | D:4      | Reached skill level 5 in Evocations
   917 | D:4      | Reached XP level 3. HP: 7/20 MP: 8/8
   917 | D:4      | Reached XP level 4. HP: 9/25 MP: 9/9
  1549 | D:5      | Entered Level 5 of the Dungeon
  1565 | D:5      | Reached skill level 1 in Shields
  1565 | D:5      | Reached XP level 5. HP: 29/29 MP: 11/11
  1568 | D:5      | Noticed a centaur
  1582 | D:5      | Reached skill level 6 in Evocations
  1592 | D:5      | Killed a centaur
  1592 | D:5      | Reached XP level 6. HP: 25/34 MP: 12/12
  2009 | D:5      | Killed themself with a badly aimed iceblast

Vault maps used:
D:1:      sevenhm_arrival_forest_fort_large_4
D:2:      nemelex_xobeh_ov_fountains_minmay, lemuel_coloured_pillars_altar,
          first_ration, uniq_jessica
D:3:      lemuel_doored_altar, grunt_temple_overflow_open, bloody_makhleb,
          lemuel_old_faithful
D:5:      lemuel_ratsnest, dk_yredelemnul_ordeal, uniq_pikel,
          uniq_prince_ribbit1, uniq_ijyb

Skill      XL: |  1  2  3  4  5 |
---------------+----------------+-----
Fighting       | 1 |  1.0
Armour         | 1 |  1.0
Evocations     | 5 6 |  6.9
Shields        | 1 |  1.1
Stealth        | 2 |  2.5
Short Blades   | |  1.4
Dodging        | |  2.4

Action                   |  1- 3 |  4- 6 || total
-------------------------+-------+-------++-------
Melee: Short sword       |    37 |    54 ||    91
Evoke: Wand              |       |     2 ||     2
  Use: Scroll            |     7 |     1 ||     8
       Potion            |       |     3 ||     3
 Stab: Sleeping          |     2 |       ||     2
       Distracted        |       |     1 ||     1
  Eat: Chunk             |       |     3 ||     3
Armor: Leather armour    |     7 |     6 ||    13
Dodge: Dodged            |    23 |    25 ||    48
Block: Buckler           |       |     4 ||     4

Table legend:
 A = Spawn XP
 B = Non-spawn XP
 C = Spawn XP percentage of total XP
 D = Spawn monster count
 E = Non-spawn monster count
 F = Spawn count percentage of total count
 G = Total turns spent on level
                    A         B        C        D         E        F      G
               +---------+---------+-------+---------+---------+-------+---------
         Total |       0 |     485 |   0.0 |       0 |      35 |   0.0 |  2009
               +---------+---------+-------+---------+---------+-------+---------
           D:1 |       0 |       2 |   0.0 |       0 |       1 |   0.0 |   240
           D:2 |       0 |      13 |   0.0 |       0 |       8 |   0.0 |   361
           D:3 |       0 |       9 |   0.0 |       0 |       2 |   0.0 |   126
           D:4 |       0 |     163 |   0.0 |       0 |       8 |   0.0 |   822
           D:5 |       0 |     298 |   0.0 |       0 |      16 |   0.0 |   460
               +---------+---------+-------+---------+---------+-------+---------
